 Dungeon Crawl Stone Soup version 0.32-a0-314-g526f7d4993 (webtiles) character file.

Game seed: 16040281527635241444

603 IdlyInterested the Trooper (level 7, -17/54 HPs)
             Began as a Demonspawn Fighter on Feb 15, 2024.
             Was an Initiate of Beogh.
             Killed from afar by a steam dragon (18 damage)
             ... with a ball of steam
             ... on level 4 of the Dungeon.
             The game lasted 00:14:35 (3131 turns).

IdlyInterested the Trooper (Demonspawn Fighter)     Turns: 3131, Time: 00:14:36

Health: -17/54     AC:  7    Str: 23    XL:     7   Next: 18%
Magic:  8/8        EV: 11    Int:  8    God:    Beogh [......]
Gold:   190        SH:  5    Dex: 16    Spells: 6/6 levels left

rFire   . .          .
                       - Unarmed
rCold   . . .        b - +0 buckler
rNeg    . . .        a - +0 scale mail
rPois   .            (helmet currently unavailable)
rElec   .            y - melded +0 cloak
rCorr   .            (gloves currently unavailable)
SInv    +            (boots currently unavailable)
Will    .....        r - amulet of the acrobat
Stlth   +            g - ring of see invisible
HPRegen 0.29/turn    G - +6 ring of strength
MPRegen 0.11/turn

%: acrobat
@: beast-form
A: beast (slay +1), horns 2, powered by death 1, powered by pain 1, talons 1,
agile 1, sturdy frame 1
a: Begin Untransformation, Renounce Religion


You were on level 4 of the Dungeon.
You worshipped Beogh.
Beogh was noncommittal.
You were a hulking beast.
You visited 1 branch of the dungeon, and saw 4 of its levels.

You collected 190 gold pieces.

Inventory:

Hand Weapons
 c - a +0 flail
 k - a +1 dagger of venom
 v - a +1 war axe
 B - a +2 dagger of speed
 D - a +0 trident
 H - a +0 dagger of draining
 I - a +0 hand axe of electrocution
 J - a +1 whip of pain
 L - a +0 halberd
Missiles
 d - 5 boomerangs
 h - 12 stones (quivered)
 z - a throwing net
 K - a poisoned dart
Armour
 a - a +0 scale mail (worn)
 b - a +0 buckler (worn)
 j - a +0 pair of boots
 y - a +0 cloak (melded)
 A - a +2 robe of fire resistance
Jewellery
 g - a ring of see invisible (left hand)
 m - a ring of magical power
 r - an amulet of the acrobat (around neck)
 G - a +6 ring of strength (right hand)
Talismans
 s - a beast talisman (active)
Wands
 x - a wand of digging (3)
Scrolls
 f - a scroll of blinking {unknown}
 i - a scroll of fog {unknown}
 l - 3 scrolls of enchant weapon
 o - a scroll of fear
 q - a scroll of noise {unknown}
 t - a scroll of teleportation
 w - 2 scrolls of revelation {unknown}
 C - a scroll of silence
 E - a scroll of immolation {unknown}
 F - a scroll of enchant armour
Potions
 e - a potion of attraction {unknown}
 n - a potion of curing
 p - a potion of magic {unknown}
 u - a potion of cancellation


   Skills:
 - Level 4.0 Fighting
 - Level 2.0 Throwing
 - Level 4.0 Armour
 - Level 2.0 Dodging
 - Level 2.0 Stealth
 + Level 3.5 Shields
 - Level 2.0 Unarmed Combat
 + Level 2.3 Invocations
 - Level 2.0 Evocations
 - Level 2.0 Shapeshifting


You had 6 spell levels left.
You didn't know any spells.
Your spell library contained the following spells:

 Spells                   Type           Power      Damage    Failure   Level
 Lesser Beckoning         Tloc           0%         N/A       80%         2
 Gell's Gravitas          Tloc           0%         N/A       95%         3
 Teleport Other           Tloc           0%         N/A       95%         3


Dungeon Overview and Level Annotations

Branches:
Dungeon (4/15)
 Temple: D:4-7

Altars:


Innate Abilities, Weirdness & Mutations

You are a hulking beast.
Your limbs bulge with bestial killing power. (Slay +1)
You have a pair of horns on your head.
You regenerate a little health from kills.
You sometimes gain a little power by taking damage.
You have sharp toenails.
You are agile. (Dex +4, Str/Int -1)
Your movements are slightly less encumbered by armour. (ER -2)


Message History

The ball of steam hits you!
You hit the steam dragon. You headbutt the steam dragon.
The steam dragon is moderately wounded.
You are engulfed in a cloud of scalding steam.
The steam dragon bites you.
The steam dragon claws you but does no damage.
You closely miss the steam dragon. You headbutt the steam dragon.
The steam dragon is heavily wounded.
You are engulfed in a cloud of scalding steam.
The steam dragon barely misses you.
The steam dragon claws you but does no damage.
You barely miss the steam dragon.
The steam dragon is heavily wounded.
You are engulfed in a cloud of scalding steam.
The steam dragon misses you. The steam dragon closely misses you.
You closely miss the steam dragon. Your kick misses the steam dragon.
You headbutt the steam dragon!
The steam dragon is severely wounded.
The steam dragon bites you.
The steam dragon claws you but does no damage.
You hit the steam dragon. Your kick misses the steam dragon.
The steam dragon is almost dead.
The steam dragon breathes steam at you. The ball of steam hits you!
You closely miss the steam dragon. Your headbutt misses the steam dragon.
The steam dragon is almost dead.
You are engulfed in a cloud of scalding steam.
* * * LOW HITPOINT WARNING * * *
You block the steam dragon's attack. The steam dragon closely misses you.
You hit the steam dragon. You claw the steam dragon.
The steam dragon is almost dead.
You are engulfed in a cloud of scalding steam.
* * * LOW HITPOINT WARNING * * *
The steam dragon bites you but does no damage.
The steam dragon misses you.
You hit the steam dragon but do no damage.
The steam dragon is almost dead.
The steam dragon breathes steam at you. The ball of steam hits you!!
You die...

#.#####...###+#########
#.# ###.# #.##.....#.
#.# #.###.#......'. #.#
#.....#......#. #.#
####..#.######.
##+###### ##...## #.
#.......# #.#..#####.
#.....§§######.#......##
#.....Dh§§.....#.#......
#.....§§########.#.#####
#.......# #..........
#.......# ......#.#####
#.......# ......#.# #
#.......# ......#'#####
######### ..........†..
.............
.............


You could see a steam dragon (catching breath).

Vanquished Creatures
  Duvessa (D:4)
  Dowan (D:4)
  A jelly (D:4)
  An orc priest (D:4)
  A hound (D:4)
  2 iguanas (D:4)
  Terence (D:2)
  An orc wizard (D:4)
  Robin (D:2)
  7 gnolls
  5 adders
  3 dart slugs
  5 orcs
  9 endoplasms
  5 giant cockroaches
  11 goblins
  9 hobgoblins
  2 quokkas (D:1)
  6 ball pythons
  6 bats
  5 frilled lizards
  6 kobolds
  5 rats
94 creatures vanquished.

Vanquished Creatures (others)
  An orc wizard (D:4)
  3 orcs (D:4)
4 creatures vanquished.

Grand Total: 98 creatures vanquished

Notes
Turn   | Place    | Note
-------+----------+-------------------------------------------
     0 | D:1      | IdlyInterested the Demonspawn Fighter began the quest for
                  | the Orb.
     0 | D:1      | Reached XP level 1. HP: 18/18 MP: 1/1
   159 | D:1      | Gained mutation: You regenerate a little health from kills.
                  | [demonic ancestry]
   159 | D:1      | Reached XP level 2. HP: 24/24 MP: 2/2
   183 | D:1      | Reached skill level 1 in Dodging
   456 | D:1      | Reached XP level 3. HP: 29/29 MP: 3/3
   709 | D:2      | Reached skill level 1 in Throwing
   924 | D:2      | Gained mutation: You sometimes gain a little power by
                  | taking damage. [demonic ancestry]
   924 | D:2      | Reached XP level 4. HP: 32/35 MP: 4/4
  1395 | D:2      | Noticed Robin
  1402 | D:2      | Reached skill level 1 in Shapeshifting
  1408 | D:2      | Killed Robin
  1445 | D:2      | Noticed Terence
  1465 | D:2      | Killed Terence
  1466 | D:2      | Gained mutation: You have a pair of small horns on your
                  | head. [demonic ancestry]
  1466 | D:2      | Reached XP level 5. HP: 22/41 MP: 5/5
  1786 | D:3      | Reached skill level 1 in Stealth
  2024 | D:3      | Reached skill level 1 in Evocations
  2296 | D:4      | Gained mutation: Your movements are slightly less
                  | encumbered by armour. (ER -2) [potion of mutation]
  2296 | D:4      | Gained mutation: You have hidden genetic defects. [potion
                  | of mutation]
  2296 | D:4      | Gained mutation: You have a pair of horns on your head.
                  | [potion of mutation]
  2336 | D:4      | Reached XP level 6. HP: 43/44 MP: 6/6
  2339 | D:4      | Gained mutation: You are occasionally teleported next to
                  | monsters. [hidden defects]
  2442 | D:4      | Gained mutation: You occasionally lose the ability to read
                  | scrolls when taking damage. [hidden defects]
  2442 | D:4      | Lost mutation: You have hidden genetic defects. [hidden
                  | defects expressed]
  2464 | D:4      | Lost mutation: You are occasionally teleported next to
                  | monsters. [potion of mutation]
  2464 | D:4      | Lost mutation: You have a pair of horns on your head.
                  | [potion of mutation]
  2464 | D:4      | Lost mutation: You occasionally lose the ability to read
                  | scrolls when taking damage. [potion of mutation]
  2464 | D:4      | Gained mutation: You have sharp toenails. [potion of
                  | mutation]
  2464 | D:4      | Gained mutation: You are agile. (Dex +4, Str/Int -1)
                  | [potion of mutation]
  2464 | D:4      | Gained mutation: You have a pair of horns on your head.
                  | [potion of mutation]
  2681 | D:4      | Noticed Duvessa
  2682 | D:4      | Noticed Dowan
  2688 | D:4      | Became a worshipper of Beogh the Shepherd
  2694 | D:4      | Killed Duvessa
  2707 | D:4      | Killed Dowan
  2708 | D:4      | Reached skill level 1 in Invocations
  2708 | D:4      | Reached XP level 7. HP: 28/54 MP: 6/8
  3121 | D:4      | Noticed a steam dragon
  3130 | D:4      | HP: 1/54 [steam dragon] (9)]
  3131 | D:4      | Killed from afar by a steam dragon

Illustrated notes

Levels and vault maps discovered:
D:1:      minmay_arrival_four_houses, layout_rooms
D:2:      kennysheep_big_flooded_room, layout_basic, hex_tiny, uniq_terence,
          uniq_robin
D:3:      layout_rooms, nicolae_overflow_crystal_walls, minmay_fractal_squares_5
D:4:      cheibrodos_pilgrimage, layout_basic, nicolae_elyvilon_peaceful_grove,
          uniq_duvessa

Skill      XL: |  1  2  3  4  5  6  7 |
---------------+----------------------+-----
Unarmed Combat | 2 |  2.0
Armour         | 3 4 |  4.0
Dodging        | 1 2 |  2.0
Throwing       | 2 |  2.0
Shields        | 3 |  3.5
Shapeshifting  | 2 |  2.0
Stealth        | 2 |  2.0
Evocations     | 2 |  2.0
Fighting       | 4 |  4.0
Invocations    | 1 2 |  2.3

Action                     |  1- 3 |  4- 6 |  7- 9 || total
---------------------------+-------+-------+-------++-------
  Melee: Unarmed           |   189 |   243 |    36 ||   468
         Headbutt          |       |    27 |     6 ||    33
         Kick              |       |    13 |    14 ||    27
  Throw: Stone             |       |    14 |     2 ||    16
         Dart              |       |     3 |       ||     3
 Invoke: Convert to Beogh  |       |     1 |       ||     1
    Use: Potion            |       |     6 |       ||     6
         Scroll            |       |     5 |       ||     5
   Stab: Distracted        |       |     1 |       ||     1
 Armour: Scale mail        |   122 |   140 |    28 ||   290
  Dodge: Dodged            |    80 |   132 |    19 ||   231
  Block: Buckler           |    28 |    44 |     9 ||    81
   Form: Beast             |       |     1 |       ||     1

Table legend: (Time is in decaauts)
 A = Elapsed time spent in this place.
 B = Non-inter-level travel time spent in this place.
 C = Inter-level travel time spent in this place.
 D = Time resting spent in this place.
 E = Time spent auto-exploring this place.
 F = Levels seen in this place.
 G = Mean time per level.
                   A        B        C        D        E       F      G
               +--------+--------+--------+--------+--------+-----+--------+
         Total |   3131 |   2996 |    135 |    144 |   1754 |   4 |  782.8 |
       Dungeon |   3131 |   2996 |    135 |    144 |   1754 |   4 |  782.8 |
               +--------+--------+--------+--------+--------+-----+--------+

Top non-repeatable levels by time:
     D:2: 1080 daAuts
     D:4: 855 daAuts
     D:1: 668 daAuts
     D:3: 527 daAuts
